 Dungeon Crawl Stone Soup version 0.29.1-2-gbd0b4ee654 (webtiles) character file.

Game seed: 2434024367316614182

9286 wingedge the Skirmisher (level 11, 0/94 HPs)
             Began as a Demigod Hunter on Nov 7, 2022.
             Slain by a two-headed ogre
             ... wielding a +0 giant spiked club
              (31 damage)
             ... on level 10 of the Dungeon.
             The game lasted 00:50:45 (16412 turns).

wingedge the Skirmisher (Demigod Hunter)           Turns: 16412, Time: 00:50:46

Health: 0/94       AC: 22    Str: 20    XL:     11   Next: 1%
Magic:  14/14      EV: 12    Int: 15    God:
Gold:   631        SH:  5    Dex: 17    Spells: 10/10 levels left

rFire   . . .      SeeInvis .   n - +3 dagger (distort)
rCold   . . .      Faith    .   R - +0 buckler
rNeg    + . .      Spirit   .   C - +6 scale mail of the Unseen Realm {-Cast Will++}
rPois   .          Reflect  .   O - +0 helmet
rElec   .          Harm     .   (no cloak)
rCorr   .          Rampage  .   z - +1 pair of gloves
Will    +++..      NoCast   +   M - +0 pair of boots
Stlth   ..........              (no amulet)
HPRegen 0.25/turn               u - ring of positive energy
MPRegen 0.14/turn               p - +4 ring of protection

@: no status effects
A: high MP 1, forlorn, divine attributes
a: no special abilities


You were on level 10 of the Dungeon.
You visited 1 branch of the dungeon, and saw 10 of its levels.
You also visited: Ossuary.

You collected 631 gold pieces.

Inventory:

Hand Weapons
 a - a +0 shortbow
 b - a +1 whip of flaming
 n - a +3 dagger of distortion (weapon)
 q - a +0 sling
 E - a +2 great sword of freezing
 P - a +1 short sword of speed
Missiles
 w - 15 poisoned darts
 D - a silver boomerang
Armour
 c - a +0 leather armour
 m - a +1 ring mail
 z - a +1 pair of gloves (worn)
 C - the +6 scale mail of the Unseen Realm (worn) {-Cast Will++}
   (You found it on level 5 of the Dungeon)

   -Cast:     It prevents spellcasting.
   Will:      It greatly increases your willpower.
 K - a +1 leather armour of willpower
 M - a +0 pair of boots (worn)
 O - a +0 helmet (worn)
 R - a +0 buckler (worn)
Magical Staves
 J - a staff of fire
Jewellery
 f - a ring of flight
 k - a ring of fire
 p - a +4 ring of protection (right hand)
 u - a ring of positive energy (left hand)
 I - a +6 ring of intelligence
Wands
 A - a wand of acid (4)
 L - a wand of flame (21)
Scrolls
 d - 4 scrolls of magic mapping
 e - 8 scrolls of teleportation
 i - 5 scrolls of amnesia
 j - 2 scrolls of fear
 l - a scroll of torment
 s - 2 scrolls of blinking
 t - 3 scrolls of vulnerability
 v - 2 scrolls of fog {unknown}
 x - 2 scrolls of acquirement {unknown}
 y - a scroll of identify
 N - 2 scrolls of enchant weapon {unknown}
Potions
 g - a potion of mutation {unknown}
 h - 2 potions of resistance {unknown}
 o - a potion of invisibility
 r - a potion of flight {unknown}
 B - 4 potions of might {unknown}
 F - a potion of attraction {unknown}
 G - a potion of cancellation {unknown}
 H - a potion of brilliance {unknown}


   Skills:
 - Level 8.0 Fighting
 + Level 0.0 Short Blades
 - Level 12.0 Ranged Weapons
 + Level 5.8 Armour
 + Level 5.7 Dodging
 - Level 1.0 Stealth
 - Level 2.0 Shields


You had 10 spell levels left.
You didn't know any spells.
Your spell library contained the following spells:

 Spells                   Type           Power      Damage    Failure   Level
 Magic Dart               Conj           0%         1d3       67%         1
 Call Imp                 Summ           0%         N/A       82%         2
 Gell's Gravitas          Tloc           0%         N/A       96%         3
 Lesser Beckoning         Tloc           0%         N/A       96%         3
 Mephitic Cloud           Conj/Pois/Air  0%         N/A       96%         3
 Teleport Other           Tloc           0%         N/A       96%         3
 Summon Lightning Spire   Summ/Air       0%         N/A       100%        4
 Storm Form               Tmut/Air       0%         N/A       100%        7
 Maxwell's Capacitive Co  Air            0%         ∞         100%        8


Dungeon Overview and Level Annotations

Branches:
Dungeon (10/15)            Temple (0/1) D:6             Orc (0/2) D:9
Ossuary (visited)
   Lair: D:8-11

Shops:
D:5 (

Annotations:
D:4 3 runed translucent doors, Jingleheimer's ghost, novice DjCj


Innate Abilities, Weirdness & Mutations

You have an increased reservoir of magic. (+10% MP)
You shall have no god before yourself.
Your divine heritage dramatically boosts your attributes as you level up.


Message History

Aiming: Corrosive Bolt
Press: ? - help, Shift-Dir - straight line, f/p - two-headed ogre
Aim: a two-headed ogre, wielding a +0 giant spiked club and a +0 giant club (86% to hit)
The bolt of acid hits the two-headed ogre!
The acid corrodes the two-headed ogre!
The two-headed ogre is lightly wounded.
You hit the two-headed ogre.
Space warps around the two-headed ogre.
The two-headed ogre is moderately wounded.
You block the two-headed ogre's attack.
The two-headed ogre hits you with a +0 giant club!
You closely miss the two-headed ogre.
The two-headed ogre is lightly wounded.
The two-headed ogre closely misses you.
The two-headed ogre hits you with a +0 giant club!
You barely miss the two-headed ogre.
The two-headed ogre is lightly wounded.
The two-headed ogre hits you with a +0 giant spiked club!!
The two-headed ogre hits you with a +0 giant club.
You hit the two-headed ogre.
Space warps around the two-headed ogre.
The two-headed ogre is moderately wounded.
You puncture the two-headed ogre!
The two-headed ogre is heavily wounded.
The two-headed ogre blinks!
The two-headed ogre barely misses you.
The two-headed ogre hits you but does no damage.
You hit the two-headed ogre.
Space warps horribly around the two-headed ogre!
The two-headed ogre is severely wounded.
You block the two-headed ogre's attack. The two-headed ogre misses you.
You hit the two-headed ogre.
The two-headed ogre is severely wounded.
The two-headed ogre blinks!
The two-headed ogre is no longer covered in acid.
You block the two-headed ogre's attack.
The two-headed ogre hits you with a +0 giant club!
You hit the two-headed ogre but do no damage.
Space warps around the two-headed ogre.
The two-headed ogre is severely wounded.
The two-headed ogre hits you with a +0 giant spiked club!!
You die...

#########....# #≈#.#≈#
#... ...(......# #≈#.#≈#
#... .......[..# #≈#.#≈#
#... ..........# #≈#.#≈#
#... ..........# #≈#.#≈#
#... ..........# #≈#.#≈#
####
..........#####.######
..........#..........#
##.....@.............###
#.....O...########.....
#..........# #.....
...........# #....#
#.#####....# #..... #
#..... #..... #...###
#..... #...# ≈≈ #...#+
#...#.


You could see a two-headed ogre.

Vanquished Creatures
  A two-headed ogre (D:10)
  Pikel (D:6)
  A deep elf pyromancer (D:7)
  A manticore (D:10)
  Psyche (D:8)
  An unseen horror (D:9)
  A hornet (D:7)
  2 wyverns
  5 yaks (D:9)
  2 acid dragons (D:9)
  A water moccasin (D:5)
  An ice beast (D:6)
  6 orc warriors
  3 sky beasts
  A black bear (D:10)
  2 ogres (D:5)
  5 centaurs
  A lemure (D:6)
  3 kobold brigands
  5 bullfrogs
  A gnoll sergeant (D:9)
  14 scorpions
  A wyvern zombie (D:6)
  3 necrophages
  11 wights
  3 killer bees (D:8)
  5 howler monkeys
  A bullfrog zombie (D:6)
  A jelly (D:7)
  3 orc priests (D:9)
  3 centaur zombies (Ossuary)
  A gnoll bouda (D:7)
  4 hounds
  2 human zombies
  4 scorpion zombies (Ossuary)
  6 iguanas
  6 orc wizards
  7 mummies
  A howler monkey zombie (D:6)
  14 gnolls
  4 adders
  A white imp (D:6)
  An ufetubus (D:6)
  5 worms
  5 dart slugs
  37 orcs
  10 endoplasms
  2 giant cockroaches (D:2)
  8 goblins
  4 hobgoblins
  3 jackals (D:2)
  7 quokkas
  4 ball pythons
  6 bats
  4 frilled lizards
  2 gnoll zombies (Ossuary)
  3 goblin zombies (Ossuary)
  2 hobgoblin zombies (Ossuary)
  17 kobolds
  2 kobold zombies (Ossuary)
  3 orc zombies (Ossuary)
  8 rats
273 creatures vanquished.

Vanquished Creatures (others)
  A kobold (D:8)
  4 fungi (D:10)
  15 plants (D:10)
20 creatures vanquished.

Grand Total: 293 creatures vanquished

Notes
Turn   | Place    | Note
-------+----------+-------------------------------------------
     0 | D:1      | wingedge the Demigod Hunter began the quest for the Orb.
     0 | D:1      | Reached XP level 1. HP: 17/17 MP: 3/3
    25 | D:1      | Reached skill level 1 in Stealth
   312 | D:1      | Reached XP level 2. HP: 24/24 MP: 4/4
   424 | D:1      | Reached skill level 4 in Ranged Weapons
   810 | D:1      | Reached XP level 3. HP: 29/29 MP: 5/5
  1198 | D:2      | Reached skill level 1 in Armour
  1682 | D:3      | Reached XP level 4. HP: 36/36 MP: 6/6
  1820 | D:3      | Reached skill level 5 in Ranged Weapons
  2457 | D:4      | Reached XP level 5. HP: 29/42 MP: 7/7
  3233 | D:4      | Found a runed translucent gate.
  3233 | D:4      | Found a runed translucent gate.
  3233 | D:4      | Noticed Jingleheimer's ghost (novice DjCj)
  3234 | D:4      | Found a runed translucent gate.
  3383 | D:4      | Reached XP level 6. HP: 52/52 MP: 8/8
  3755 | D:5      | Entered Level 5 of the Dungeon
  3968 | D:5      | Reached skill level 6 in Ranged Weapons
  4151 | D:5      | Found Obibosoc's Weapon Boutique.
  4511 | D:5      | Identified the +6 scale mail of the Unseen Realm {-Cast
                  | Will++}
  4597 | D:5      | Reached XP level 7. HP: 47/59 MP: 9/9
  4606 | D:5      | Reached skill level 7 in Ranged Weapons
  5149 | D:6      | Found a staircase to the Ecumenical Temple.
  5359 | D:6      | Reached skill level 5 in Fighting
  5382 | D:6      | Noticed Pikel
  5399 | D:6      | Killed Pikel
  5400 | D:6      | Reached XP level 8. HP: 40/68 MP: 10/10
  5416 | D:6      | Reached skill level 8 in Ranged Weapons
  6707 | D:6      | Reached skill level 5 in Armour
  6860 | D:7      | Noticed a hornet
  6867 | D:7      | Paralysed by a hornet for 3 turns
  6870 | D:7      | HP: 2/70 [poisoned by a hornet]
  7195 | D:7      | Found a sand-covered staircase.
  7200 | Ossuary  | Entered an ossuary
  7502 | Ossuary  | Reached XP level 9. HP: 62/75 MP: 11/11
  7522 | Ossuary  | Reached skill level 9 in Ranged Weapons
  9023 | D:7      | Noticed a deep elf pyromancer
  9555 | D:7      | Killed a deep elf pyromancer
  9556 | D:7      | Reached skill level 10 in Ranged Weapons
 10952 | D:8      | Reached XP level 10. HP: 18/86 MP: 13/13
 11323 | D:8      | Noticed Psyche
 11342 | D:8      | Killed Psyche
 11343 | D:8      | Reached skill level 11 in Ranged Weapons
 12803 | D:9      | Reached skill level 12 in Ranged Weapons
 12803 | D:9      | Reached skill level 5 in Dodging
 13630 | D:9      | Found a staircase to the Orcish Mines.
 14276 | D:10     | Entered Level 10 of the Dungeon
 14605 | D:10     | Noticed a two-headed ogre
 15072 | D:10     | Noticed a tengu warrior
 15073 | D:10     | Noticed a tengu warrior
 15075 | D:10     | Noticed a manticore
 15106 | D:9      | Reached skill level 1 in Shields
 15123 | D:9      | HP: 1/88 [tengu warrior/+1 battleaxe of flaming (5)]
 15914 | D:10     | Noticed a two-headed ogre
 15924 | D:10     | Killed a two-headed ogre
 16195 | D:10     | Killed a manticore
 16196 | D:10     | Reached XP level 11. HP: 87/94 MP: 14/14
 16412 | D:10     | Slain by a two-headed ogre

Illustrated notes

Levels and vault maps discovered:
D:1:      dpeg_arrival_morbid_curiosity, layout_basic, minmay_misc_feat_plants
D:2:      layout_rooms
D:3:      layout_loops_ring, kennysheep_crisscross, solitary_fountain
D:4:      layout_basic, mainiacjoe_overflow_catwalk, gammafunk_ghost_split,
          minmay_cut_off
D:5:      layout_basic, grunt_dithmenos_smoke_and_mirrors, serial_shops, shop
D:6:      layout_basic, nemelex_altar_shiori,
          lemuel_mausoleum_altar_kikubaaqudgha,
          minmay_temple_entry_drinking_statues, lightli_orcish_oven, uniq_pikel
D:7:      minmay_general_purpose_star, layout_layer_cave,
          grunt_temple_overflow_bloody_war, enter_ossuary_2,
          minmay_chambers_of_fives
D:8:      layout_basic, nzn_wu_jian_contemplation,
          chequers_temple_overflow_statue_of_worship,
          kennysheep_generic_room_16, uniq_psyche
D:9:      layout_basic, david_orc_5
D:10:     layout_basic, nicolae_qazlal_scattered_showers,
          mainiacjoe_overflow_cross_hatched, fedhas_bush_and_centaur_altar,
          grunt_lair_entry_orc_guard_hut, serial_aquarium,
          aquarium_bridge_square [aquarium_subvault_bridge,
          aquarium_subvault_wall, aquarium_subvault_bridge,
          aquarium_subvault_wall], aquarium_bridge_square
          [aquarium_subvault_wall, aquarium_subvault_bridge,
          aquarium_subvault_wall, aquarium_subvault_bridge], aquarium_window_1,
          aquarium_window_corridor_2, aquarium_window_corner, aquarium_view_2e,
          aquarium_balcony_1b, aquarium_pool_four,
          chequers_serial_rivers_small_3, minmay_misc_feat_tiny

Skill      XL: |  1  2  3  4  5  6  7  8  9 10 |
---------------+-------------------------------+-----
Stealth        | 1 |  1.0
Fighting       | 2 4 5 6 7 8 |  8.0
Dodging        | 2 3 4 5 |  5.7
Ranged Weapons | 4 5 6 7 8 10 12 | 12.0
Armour         | 1 2 4 5 |  5.8
Shields        | 2 |  2.0

Action                   |  1- 3 |  4- 6 |  7- 9 | 10-12 || total
-------------------------+-------+-------+-------+-------++-------
Melee: Whip              |       |       |    34 |       ||    34
       Dagger            |       |       |       |    31 ||    31
 Fire: Shortbow          |   143 |   150 |   670 |   376 ||  1339
       Sling             |       |       |       |   101 ||   101
Throw: Dart              |       |       |     2 |     1 ||     3
       Throwing net      |       |       |     3 |       ||     3
Evoke: Wand              |       |       |    12 |     1 ||    13
  Use: Scroll            |       |    11 |    12 |     2 ||    25
       Potion            |       |       |    11 |     8 ||    19
Armor: Leather armour    |     6 |       |       |       ||     6
       Ring mail         |    10 |    21 |       |       ||    31
       Scale mail        |       |       |   331 |   213 ||   544
Dodge: Dodged            |    37 |    31 |   304 |   220 ||   592
Block: Buckler           |       |       |       |    32 ||    32
